 Dungeon Crawl Stone Soup version 0.28-a0-500-g121bc3e445 (webtiles) character file.

Game seed: 16383436505912488663

151 siradein the Skirmisher (level 5, -12/46 HPs)
             Began as a Ghoul Fighter on Sept 20, 2021.
             Killed by divine providence
             ... invoked by an orc priest
              (17 damage)
             ... on level 3 of the Dungeon.
             The game lasted 00:08:06 (2890 turns).

siradein the Skirmisher (Ghoul Fighter)             Turns: 2890, Time: 00:08:06

Health: -12/46     AC:  9    Str: 21    XL:     5   Next: 33%
Magic:  4/4        EV:  7    Int:  3    God:
Gold:   66         SH:  4    Dex:  8    Spells: 4/4 levels left

rFire   . . .      SeeInvis .   a - +0 flail
rCold   + . .      Faith    .   c - +0 buckler
rNeg    + + +      Spirit   .   g - +0 chain mail
rPois   ∞          Reflect  .   (no helmet)
rElec   .          Harm     .   (no cloak)
rCorr   .          Rampage  .   (no gloves)
Will    .....                   (no boots)
Stlth   ..........              (no amulet)
HPRegen 0.00/turn               (no ring)
MPRegen 0.09/turn               (no ring)

@: inhibited regen
A: claws 1, cold resistance 1, negative energy resistance 3, inhibited
regeneration, torment resistance 2
a: no special abilities


You were on level 3 of the Dungeon.
You visited 1 branch of the dungeon, and saw 3 of its levels.

You collected 66 gold pieces.

Inventory:

Hand Weapons
 a - a +0 flail (weapon)
Missiles
 k - 38 stones (quivered)
Armour
 c - a +0 buckler (worn)
 g - a +0 chain mail (worn)
Scrolls
 b - a scroll of silence {unknown}
 f - a scroll of torment {unknown}
 h - a scroll of identify {unknown}
 i - a scroll of teleportation {unknown}
 j - a scroll of amnesia {unknown}
Potions
 d - a potion of might
 e - a potion of curing {unknown}


   Skills:
 + Level 4.2 Fighting
 + Level 2.8 Maces & Flails
 + Level 3.5 Armour
 + Level 3.5 Shields


You had 4 spell levels left.
You didn't know any spells.
Your spell library was empty.

Dungeon Overview and Level Annotations

Branches:
Dungeon (3/15)

Altars:


Innate Abilities, Weirdness & Mutations

You thrive by killing the living.
You are immune to poison.
You have sharp fingernails.
Your flesh is cold resistant. (rC+)
You are immune to negative energy. (rN+++)
You do not regenerate when monsters are visible.
You are immune to unholy pain and torment.


Message History

You barely miss the orc.
The orc is heavily wounded.
You block the orc's attack.
You sock the orc!
You kill the orc!
You feel better.
The orc priest invokes the aid of Beogh against you.
Beogh smites you!
The orc priest casts a cantrip, but nothing happens.
Your shield prevents you from hitting the rat.
The rat barely misses you.
Your shield and chain mail prevent you from hitting the rat.
The rat bites you but does no damage.
You closely miss the rat. The rat barely misses you.
The rat bites you but does no damage.
The orc priest mumbles some strange prayers to Beogh against you.
Beogh smites you!
You barely miss the rat. The rat bites you but does no damage.
You hit the rat.
The rat is moderately wounded.
The rat bites you.
* * * LOW HITPOINT WARNING * * *
You thump the rat!
You kill the rat!
You closely miss the orc priest.
The orc priest hits you with a +0 flail!
* * * LOW HITPOINT WARNING * * *
You sock the orc priest!
The orc priest is heavily wounded.
You block the orc priest's attack.
The orc priest hits you but does no damage.
You closely miss the orc priest.
The orc priest is heavily wounded.
The orc priest hits you with a +0 flail.
* * * LOW HITPOINT WARNING * * *
You thump the orc priest!
The orc priest is almost dead.
The orc priest calls down the wrath of Beogh upon you.
Beogh smites you!
You die...

. ..# .... #. ##
..... #.#..
......###########
#.#.#
.........r.o....#
#.#.#
......#########o#
#.#.# #### ##### #@#
#.#.# #...
#.#####.#.# #.##
#.....#...# #.##
.######.#.#######.##
..............>##.##
.######.#.#######.##
#.#.# #.##
#.#.#######.##
#.#.........##


You could see an orc priest.

Vanquished Creatures
  5 gnolls
  5 adders
  2 dart slugs
  4 orcs (D:3)
  4 bats
  3 endoplasms
  A giant cockroach (D:2)
  3 goblins
  4 hobgoblins
  3 quokkas
  6 ball pythons
  4 frilled lizards
  5 kobolds
  7 rats
56 creatures vanquished.

Notes
Turn   | Place    | Note
-------+----------+-------------------------------------------
     0 | D:1      | siradein the Ghoul Fighter began the quest for the Orb.
     0 | D:1      | Reached XP level 1. HP: 19/19 MP: 0/0
   119 | D:1      | Found a faded altar of an unknown god.
   191 | D:1      | Reached XP level 2. HP: 9/26 MP: 1/1
   884 | D:1      | Reached XP level 3. HP: 30/33 MP: 2/2
  1562 | D:2      | Reached XP level 4. HP: 31/40 MP: 3/3
  1709 | D:2      | Reached skill level 4 in Fighting
  2604 | D:1      | Reached XP level 5. HP: 44/46 MP: 4/4
  2890 | D:3      | Killed from afar by an orc priest

Illustrated notes

Levels and vault maps discovered:
D:1:      matt_arrival_spirals, layout_rooms, basic_ecumenical_altar
D:2:      layout_basic
D:3:      layout_basic, chequers_garden, uniq_grinder

Skill      XL: |  1  2  3  4 |
---------------+-------------+-----
Maces & Flails | 2 |  2.8
Armour         | 3 |  3.5
Shields        | 3 |  3.5
Fighting       | 4 |  4.2

Action                   |  1- 3 |  4- 6 || total
-------------------------+-------+-------++-------
Melee: Flail             |   143 |   128 ||   271
Throw: Stone             |       |     5 ||     5
Armor: Scale mail        |    38 |       ||    38
       Chain mail        |    59 |    65 ||   124
Dodge: Dodged            |    70 |    46 ||   116
Block: Buckler           |    37 |    28 ||    65

Table legend: (Time is in decaauts)
 A = Elapsed time spent in this place.
 B = Non-inter-level travel time spent in this place.
 C = Inter-level travel time spent in this place.
 D = Time resting spent in this place.
 E = Time spent auto-exploring this place.
 F = Levels seen in this place.
 G = Mean time per level.
                   A        B        C        D        E       F      G
               +--------+--------+--------+--------+--------+-----+--------+
         Total |   2974 |   2923 |     51 |    300 |   1944 |   3 |  991.3 |
       Dungeon |   2974 |   2923 |     51 |    300 |   1944 |   3 |  991.3 |
               +--------+--------+--------+--------+--------+-----+--------+

Top non-repeatable levels by time:
     D:2: 1542 daAuts
     D:1: 1267 daAuts
     D:3: 164 daAuts
